 Seeded DCSS version 0.28-a0-1339-ga5422284a4 (webtiles) character file.

Game seed: 12130800008223909736 (custom seed)

60 croobank the Digger (level 4, -2/30 HPs)
             Began as a Formicid Earth Elementalist on Dec 28, 2021.
             Was a Follower of Trog.
             Slain by an orc warrior (10 damage)
             ... on level 6 of the Dungeon.
             The game lasted 00:12:33 (2673 turns).

croobank the Digger (Formicid Earth Elementalist)   Turns: 2673, Time: 00:12:38

Health: -2/30      AC:  6    Str: 15    XL:     4   Next: 25%
Magic:  7/7        EV:  6    Int: 14    God:    Trog [*.....]
Gold:   70         SH:  7    Dex: 11    Spells: 5/8 levels left

rFire   + . .      SeeInvis +   a - +0 spear
rCold   + . .      Faith    .   m - +1 kite shield {rC+ rF+}
rNeg    . . .      Spirit   .   k - +0 scale mail
rPois   .          Reflect  .   (helmet unavailable)
rElec   .          Harm     .   (no cloak)
rCorr   .          Rampage  .   (no gloves)
Will    .....                   (no boots)
Stlth   +.........              (no amulet)
HPRegen 0.10/turn               f - ring of wizardry
MPRegen 0.10/turn               (no ring)

@: no status effects
A: permanent stasis, dig shafts and tunnels, antennae 3, four strong arms
a: Dig, Shaft Self, Renounce Religion


You were on level 6 of the Dungeon.
You worshipped Trog.
Trog was aware of your devotion.
You visited 1 branch of the dungeon, and saw 4 of its levels.

You collected 70 gold pieces.

Inventory:

Hand Weapons
 a - a +0 spear (weapon)
Missiles
 c - 14 stones
 e - 38 poisoned darts (quivered)
 g - 18 bolts
 i - 23 arrows
Armour
 b - a +0 robe
 k - a +0 scale mail (worn)
 m - a +1 kite shield of resistance (worn)
 o - a +0 leather armour
Jewellery
 f - a ring of wizardry (left hand)
Scrolls
 h - 3 scrolls of enchant armour {enchant armour, unknown}
 n - a scroll of identify {identify, unknown}
Potions
 l - 2 potions of might {might, unknown}


   Skills:
 + Level 2.4 Dodging
 + Level 3.5 Stealth
 - Level 2.5 Spellcasting
 - Level 1.8 Transmutations
 - Level 4.0 Earth Magic


You had 5 spell levels left.
You knew the following spells:

 Your Spells              Type           Power      Damage    Failure   Level
a - Sandblast             Erth           26%        2d8       43%         1
b - Passwall              Tmut/Erth      8%         N/A       71%         2

Your spell library contained the following spells:

 Spells                   Type           Power      Damage    Failure   Level
 Stone Arrow              Conj/Erth      14%        3d7       96%         3
 Petrify                  Tmut/Erth      10%        N/A       99%         4


Dungeon Overview and Level Annotations

Branches:
Dungeon (3/15)

Altars:
Trog

Shops:
D:1 *   D:2 =   D:3 !

Annotations:
D:3 Ijyb


Innate Abilities, Weirdness & Mutations

You cannot be hasted, slowed, berserked, paralysed or teleported.
You can dig through walls and to a lower floor.
You have a pair of large antennae on your head. (SInv)
Your four strong arms can wield two-handed weapons with a shield.


Message History

You hit Ijyb.
Ijyb is lightly wounded.
Ijyb zaps a wand.
You block the puff of flame.
Ijyb zaps a wand.
The puff of flame hits you. You resist.
You hit Ijyb.
Ijyb is moderately wounded.
You block Ijyb's attack.
You closely miss Ijyb.
Ijyb is moderately wounded.
Ijyb zaps a wand.
The puff of flame hits you. You resist.
* * * LOW HITPOINT WARNING * * *
Ijyb hits you with a +0 dagger.
* * * LOW HITPOINT WARNING * * *
Are you sure you want to shaft yourself?
Ijyb barely misses you.
You begin to dig a shaft.
You continue digging a shaft.
You block Ijyb's attack. A shaft appears beneath you!
You fall into a shaft and drop 3 floors!
The shaft crumbles and collapses.
The bullfrog gives a loud, deep croak!
The hound barks!
The water moccasin hisses angrily.
The orc warrior shouts!
The orc shouts!
As you read the scroll labelled NOICHOSEAH {teleportation}, it crumbles to dust.
You feel a strange sense of stasis.
It was a scroll of teleportation {teleportation}.
The orc hits you but does no damage.
The hound pauses to sniff the ground.
The hound bites you but does no damage. The orc hits you with a +0 whip.
* * * LOW HITPOINT WARNING * * *
The orc warrior hits you with a +0 mace.
* * * LOW HITPOINT WARNING * * *
It was a potion of curing {curing}.
You feel better.
An adder comes into view.
The hound bites you.
* * * LOW HITPOINT WARNING * * *
The water moccasin completely misses you.
The orc barely misses you. You block the hound's attack.
The orc warrior hits you with a +0 mace!
You die...

###.....#
####.......#
##..........#
........#...#
............##
.............##
..............#
........Sh....##
......Foo@.....#
#..S....oo.......
#................
#................
#................
#......##....#...
.....# ##..#....
...# ..#.#..


You could see an orc warrior, a water moccasin, a bullfrog, a hound, an adder
(wandering) and 3 orcs.

Vanquished Creatures
  2 adders (D:2)
  A dart slug (D:1)
  4 ball pythons
  2 endoplasms
  3 giant cockroaches
  2 goblins
  5 hobgoblins
  4 quokkas
  5 bats (D:1)
  3 frilled lizards (D:1)
  2 kobolds (D:1)
  5 rats
38 creatures vanquished.

Vanquished Creatures (others)
  A plant (D:2)
1 creature vanquished.

Grand Total: 39 creatures vanquished

Notes
Turn   | Place    | Note
-------+----------+-------------------------------------------
     0 | D:1      | croobank the Formicid Earth Elementalist began the quest
                  | for the Orb.
     0 | D:1      | Reached XP level 1. HP: 13/13 MP: 3/3
    41 | D:1      | Found Wisoshren's General Store.
   284 | D:1      | Reached XP level 2. HP: 18/19 MP: 5/5
   290 | D:1      | Learned a level 2 spell: Passwall
  1059 | D:1      | Reached XP level 3. HP: 24/24 MP: 4/6
  1331 | D:2      | Reached skill level 4 in Earth Magic
  1608 | D:2      | Found a faded altar of an unknown god.
  1611 | D:2      | Prayed at the altar of an unknown god.
  1611 | D:2      | Became a worshipper of Trog the Wrathful
  1611 | D:2      | Reached * piety under Trog
  1805 | D:2      | Reached XP level 4. HP: 26/30 MP: 7/7
  1805 | D:2      | Found Tueluf's Jewellery Shoppe.
  2596 | D:3      | Found Couciofe's Distillery.
  2653 | D:3      | Noticed Ijyb
  2669 | D:3      | You fall into a shaft and drop 3 floors!
  2669 | D:6      | Noticed a bullfrog
  2669 | D:6      | Noticed a water moccasin
  2669 | D:6      | Noticed an orc warrior
  2672 | D:6      | HP: 1/30 [orc warrior (5)]
  2673 | D:6      | Slain by an orc warrior

Illustrated notes

Levels and vault maps discovered:
D:1:      grunt_arrival_crossed_arrows, layout_loops_ring, serial_shops, shop,
          chequers_serial_rivers_micro_b
D:2:      layout_basic, serial_shops, shop,
          shapermc_ecumenical_altar_mp_urbaneastern
D:3:      layout_loops_cross, serial_shops, shop_statue, uniq_ijyb, uniq_sigmund
D:6:      layout_layer_cave, chequers_big_river, dk_noncrumbling_4

Skill      XL: |  1  2  3 |
---------------+----------+-----
Dodging        | 2 |  2.4
Stealth        | 3 |  3.5
Earth Magic    | 4 |  4.0
Spellcasting   | |  2.5
Transmutations | |  1.8

Action                   |  1- 3 |  4- 6 || total
-------------------------+-------+-------++-------
Melee: Spear             |    72 |    42 ||   114
Throw: Dart              |     4 |     4 ||     8
 Cast: Sandblast         |    16 |       ||    16
 Abil: Shaft Self        |       |     1 ||     1
  Use: Scroll            |       |     1 ||     1
       Potion            |       |     1 ||     1
 Stab: Sleeping          |     6 |     2 ||     8
Armor: Robe              |    16 |     2 ||    18
       Leather armour    |       |     4 ||     4
       Scale mail        |       |     3 ||     3
Dodge: Dodged            |    51 |    17 ||    68
Block: Kite shield       |       |    10 ||    10

Table legend: (Time is in decaauts)
 A = Elapsed time spent in this place.
 B = Non-inter-level travel time spent in this place.
 C = Inter-level travel time spent in this place.
 D = Time resting spent in this place.
 E = Time spent auto-exploring this place.
 F = Levels seen in this place.
 G = Mean time per level.
                   A        B        C        D        E       F      G
               +--------+--------+--------+--------+--------+-----+--------+
         Total |   2687 |   2622 |     65 |    684 |   1296 |   4 |  671.8 |
       Dungeon |   2687 |   2622 |     65 |    684 |   1296 |   4 |  671.8 |
               +--------+--------+--------+--------+--------+-----+--------+

Top non-repeatable levels by time:
     D:1: 1276 daAuts
     D:2: 1236 daAuts
     D:3: 169 daAuts
     D:6: 3 daAuts
